 Dungeon Crawl Stone Soup version 0.29-a0-923-g6e406bff71 (webtiles) character file.

Game seed: 16404639371051409376

597 scionoferis the Chiller (level 7, 0/41 HPs)
             Began as an Octopode Ice Elementalist on July 27, 2022.
             Was an Initiate of Gozag.
             Slain by Duvessa
             ... wielding a +0 rapier
              (17 damage)
             ... on level 4 of the Dungeon.
             The game lasted 00:12:43 (4425 turns).

scionoferis the Chiller (Octopode Ice Elementalist) Turns: 4425, Time: 00:12:46

Health: 0/41       AC:  1    Str:  7    XL:     7   Next: 40%
Magic:  7/13       EV: 13    Int: 20    God:    Gozag
Gold:   46         SH:  0    Dex: 12    Spells: 5/14 levels left

rFire   . . .      SeeInvis +   a - +1 dagger (venom)
rCold   . . .      Faith    .   (no shield)
rNeg    . . .      Spirit   .   (helmet restricted)
rPois   .          Reflect  .   (no amulet)
rElec   .          Harm     .   m - ring of see invisible
rCorr   .          Rampage  .   (no ring)
Will    .....                   (no ring)
Stlth   ++++......              (no ring)
HPRegen 0.13/turn               (no ring)
MPRegen 0.13/turn               (no ring)
                                (no ring)
                                (no ring)

@: freezing walls, very slightly contaminated
A: almost no armour, amphibious, 8 rings, camouflage 1, gelatinous body 1,
(nimble swimmer 1), tentacles
a: Renounce Religion, Potion Petition, Call Merchant, Bribe Branch


You were on level 4 of the Dungeon.
You worshipped Gozag.
Gozag was noncommittal.
You visited 2 branches of the dungeon, and saw 5 of its levels.

You collected 79 gold pieces.
You paid 33 gold pieces to Gozag.

Inventory:

Hand Weapons
 a - a +1 dagger of venom (weapon)
 g - a +0 rapier
Missiles
 d - 38 stones
 s - 7 poisoned darts (quivered)
Jewellery
 m - a ring of see invisible (left tentacle)
 n - a +6 ring of intelligence
Wands
 w - a wand of roots (6)
Scrolls
 c - 2 scrolls of identify {unknown}
 h - 2 scrolls of teleportation {unknown}
 i - a scroll of noise {unknown}
 k - 2 scrolls of acquirement {unknown}
 o - 2 scrolls of immolation {unknown}
 t - a scroll of vulnerability {unknown}
 u - a scroll of blinking {unknown}
Potions
 b - 2 potions of lignification {unknown}
 e - 2 potions of magic
 f - a potion of heal wounds
 j - 3 potions of haste {unknown}
 l - 2 potions of brilliance {unknown}
 p - 3 potions of curing
 q - a potion of might {unknown}
 r - a potion of degeneration {unknown}
 v - a potion of invisibility {unknown}


   Skills:
 - Level 2.0 Dodging
 + Level 4.5 Stealth
 + Level 4.2 Spellcasting
 + Level 2.3 Hexes
 + Level 6.7 Ice Magic


You had 5 spell levels left.
You knew the following spells:

 Your Spells              Type           Power      Damage    Failure   Level
a - Freeze                Ice            100%       1d11      1%          1
b - Frozen Ramparts       Ice            62%        1d8       2%          3
c - Ozocubu's Armour      Ice            31%        N/A       2%          3
d - Ensorcelled Hibernat  Hex/Ice        44%        N/A       3%          2

Your spell library contained the following spells:

 Spells                   Type           Power      Damage    Failure   Level
 Confusing Touch          Hex            13%        N/A       14%         3
 Passwall                 Tmut/Erth      3%         N/A       19%         2
 Hailstorm                Conj/Ice       17%        3d6       32%         4
 Swiftness                Air            4%         N/A       36%         3
 Metabolic Englaciation   Hex/Ice        11%        N/A       50%         5
 Yara's Violent Unravell  Hex/Tmut       4%         3d4       91%         5
 Enfeeble                 Hex            6%         N/A       100%        7
 Simulacrum               Ice/Necr       Unusable   N/A       N/A         6

Dungeon Overview and Level Annotations

Branches:
Dungeon (4/15)             Temple (1/1) D:4

Altars:
Fedhas
Gozag
Hepliaklqana
Kikubaaqudgha
Qazlal
Ru
Sif Muna
Trog
Uskayaw
Vehumet
Wu Jian
Xom
Yredelemnul
Zin

Shops:
D:1 (   D:3 *(?

Annotations:
D:4 2 transporters, Duvessa; IdlyInterested's ghost, amateur DsWn


Innate Abilities, Weirdness & Mutations

You cannot wear most types of armour.
You are amphibious.
You can wear up to eight rings at the same time.
Your skin changes colour to match your surroundings (Stealth+).
Your rubbery body absorbs attacks. (AC +1, EV +1)
((You are camouflaged when in or above water. (Stealth+)))
You have tentacles for arms and can constrict up to eight enemies at once.


Message History

Casting: Frozen Ramparts (dangerous; 2% risk of failure)
Press: ? - help, Dir - look around, f - activate The walls around you are covered in ice.
The wall freezes Duvessa.
Casting: Frozen Ramparts (dangerous; 2% risk of failure)
Confirm with . or Enter, or press ? or * to list all spells.
You miscast Ozocubu's Armour.
You are very lightly contaminated with residual magic.
Nothing appears to happen.
The wall freezes Duvessa.
Duvessa rages.
The wall freezes Duvessa.
Duvessa barely misses you.
Casting: Ozocubu's Armour (dangerous; 2% risk of failure)
Confirm with . or Enter, or press ? or * to list all spells.
You can't see any susceptible monsters within range! (Use Z to cast anyway.) Unknown command.
Press: ? - help, v - describe, . - travel
Here: Duvessa, wielding a +0 rapier and wearing a +0 ring mail (moderately wounded, berserk)
The floor.
You completely miss Duvessa. You grab Duvessa. You squeeze Duvessa.
Duvessa is moderately wounded.
You constrict Duvessa, but do no damage.
The wall freezes Duvessa.
Duvessa hits you with a +0 rapier!
You hit Duvessa but do no damage.
Duvessa is poisoned.
You squeeze Duvessa!
Duvessa is heavily wounded.
You constrict Duvessa, but do no damage.
The wall freezes Duvessa.
Duvessa hits you with a +0 rapier!
The wall freezes Duvessa.
Duvessa misses you.
You hit Duvessa.
Duvessa is heavily wounded.
You constrict Duvessa, but do no damage.
The wall freezes Duvessa.
Duvessa barely misses you.
You hit Duvessa but do no damage.
Duvessa looks as sick as possible!
You tentacle-slap Duvessa, but do no damage.
You squeeze Duvessa!
Duvessa is almost dead.
You constrict Duvessa, but do no damage.
The wall freezes Duvessa.
Duvessa closely misses you.
The wall freezes Duvessa.
Duvessa hits you with a +0 rapier!
You die...
Your body crumbles into a pile of gold.

#.............## ).$/5W...#..##
#........####.#
..###=..##.##... #####.####
##.##.#.....#.....#... #.####
#...#©..#..©).##..#...
#....###.#.#..##..#......#...
#...$.$$.#.#....# #...##...
#....##..#.##.... ....#..##
#....##..#..##.### #####.##
#....##..##.@###©####.....#
#...>##..###.e......[.#####
#....##..#####.....)### ##
#..$................###### #.
#.....##.##..............###.
#.....##.##...###'###........
###.####....$e#.....#........
#....##..#...#.....#.###....
####.##.........#.....#.###....


You could see Duvessa (berserk, extremely poisoned).

Vanquished Creatures
  2 ogres (D:4)
  2 scorpions (D:4)
  Dowan (D:4)
  A hound (D:4)
  An orc priest (D:4)
  Jessica (D:3)
  Ijyb (D:4)
  2 orc wizards (D:4)
  3 adders
  A worm (D:4)
  A dart slug (D:1)
  5 orcs
  7 bats
  5 endoplasms
  4 giant cockroaches
  3 goblins
  3 hobgoblins
  7 kobolds
  2 quokkas
  13 ball pythons
  3 frilled lizards
  6 rats
74 creatures vanquished.

Notes
Turn   | Place    | Note
-------+----------+-------------------------------------------
     0 | D:1      | scionoferis the Octopode Ice Elementalist began the quest
                  | for the Orb.
     0 | D:1      | Reached XP level 1. HP: 11/11 MP: 3/3
   456 | D:1      | Reached XP level 2. HP: 14/17 MP: 5/5
   912 | D:1      | Found Xioh's Weapon Boutique.
  1640 | D:2      | Reached XP level 3. HP: 21/21 MP: 6/6
  1644 | D:2      | Learned a level 3 spell: Frozen Ramparts
  1875 | D:2      | Found a faded altar of an unknown god.
  2370 | D:2      | Learned a level 3 spell: Ozocubu's Armour
  2522 | D:3      | Found Vyeskas's Magic Scroll Shoppe.
  2527 | D:3      | Noticed Jessica
  2534 | D:3      | Killed Jessica
  2535 | D:3      | Reached skill level 5 in Ice Magic
  2535 | D:3      | Reached XP level 4. HP: 27/27 MP: 6/8
  2649 | D:3      | Found Holec's Assorted Antiques.
  3268 | D:3      | Found Kymm's Weapon Shoppe.
  3378 | D:4      | Noticed Dowan
  3378 | D:4      | Noticed a scorpion
  3394 | D:4      | Killed a scorpion
  3395 | D:4      | Reached XP level 5. HP: 14/31 MP: 3/9
  3398 | D:4      | Killed Dowan
  3399 | D:4      | Reached skill level 6 in Ice Magic
  3609 | D:4      | Noticed Ijyb
  3641 | D:4      | Learned a level 2 spell: Ensorcelled Hibernation
  3641 | D:4      | Noticed IdlyInterested's ghost (amateur DsWn)
  3654 | D:4      | Reached XP level 6. HP: 31/36 MP: 7/11
  3687 | D:4      | Reached skill level 1 in Hexes
  3806 | D:4      | Found a staircase to the Ecumenical Temple.
  3813 | Temple   | Entered the Ecumenical Temple
  3898 | Temple   | Became a worshipper of Gozag Ym Sagoz the Greedy
  3951 | D:4      | Found a transporter.
  4005 | D:4      | Reached XP level 7. HP: 41/41 MP: 6/13
  4081 | D:4      | Found a transporter.
  4163 | D:4      | Killed Ijyb
  4416 | D:4      | Noticed Duvessa
  4425 | D:4      | Slain by Duvessa

Illustrated notes

Levels and vault maps discovered:
D:1:      sevenhm_arrival_forest_fort_small_5, layout_basic, serial_shops,
          nicolae_shop_hallway_plus, minivault_4, minmay_tiny_reverse_x
D:2:      layout_loops_corners, shapermc_ecumenical_altar_totnotflames,
          minmay_misc_feat_iff
D:3:      layout_basic, serial_shops, nicolae_shop_bloodbath_and_beyond, shop,
          shop, uniq_jessica
D:4:      layout_rooms, temple_green, gammafunk_ghost_stat_death, uniq_ijyb,
          uniq_duvessa
Temple:   jpeg_temple_clearing

Skill      XL: |  1  2  3  4  5  6  7 |
---------------+----------------------+-----
Ice Magic      | 5 6 |  6.7
Spellcasting   | 3 4 |  4.2
Stealth        | 3 4 |  4.5
Hexes          | 1 2 |  2.3
Dodging        | |  2.0

Action                   |  1- 3 |  4- 6 |  7- 9 || total
-------------------------+-------+-------+-------++-------
Melee: Dagger            |    56 |    48 |    17 ||   121
       Constrict         |    17 |    14 |     2 ||    33
       Hand axe          |     1 |       |       ||     1
       Tentacles         |     6 |    16 |     5 ||    27
       Punch             |       |       |     1 ||     1
Throw: Stone             |       |     4 |       ||     4
       Dart              |       |       |     4 ||     4
 Cast: Freeze            |     1 |       |       ||     1
       Frozen Ramparts   |     2 |     7 |     3 ||    12
       Ozocubu's Armour  |       |     3 |     2 ||     5
  Use: Potion            |       |     1 |       ||     1
 Stab: Sleeping          |     9 |     4 |     2 ||    15
Armor: Skin              |     7 |     6 |       ||    13
Dodge: Dodged            |    35 |     5 |    12 ||    52

Table legend: (Time is in decaauts)
 A = Elapsed time spent in this place.
 B = Non-inter-level travel time spent in this place.
 C = Inter-level travel time spent in this place.
 D = Time resting spent in this place.
 E = Time spent auto-exploring this place.
 F = Levels seen in this place.
 G = Mean time per level.
                   A        B        C        D        E       F      G
               +--------+--------+--------+--------+--------+-----+--------+
         Total |   4423 |   4274 |    149 |    335 |   3155 |   5 |  884.6 |
       Dungeon |   4320 |   4187 |    133 |    335 |   3100 |   4 | 1080.0 |
        Temple |    103 |     87 |     16 |      0 |     55 |   1 |  103.0 |
               +--------+--------+--------+--------+--------+-----+--------+

Top non-repeatable levels by time:
     D:1: 1440 daAuts
     D:3: 1091 daAuts
     D:2: 1040 daAuts
     D:4: 748 daAuts
  Temple: 103 daAuts
